 Dungeon Crawl Stone Soup version 0.29-a0-668-g12ee2bf84d (webtiles) character file.

Game seed: 7442465985211021324

366 Vylera the Magician (level 7, -7/52 HPs)
             Began as a Djinni Wanderer on June 23, 2022.
             Mangled by an ogre
             ... wielding a +0 giant club
              (18 damage)
             ... on level 3 of the Dungeon.
             The game lasted 00:07:03 (3528 turns).

Vylera the Magician (Djinni Wanderer)               Turns: 3528, Time: 00:07:05

Health: -7/52      AC:  4    Str: 14    XL:     7   Next: 1%
Gold:   202        EV: 11    Int: 13    God:
                   SH:  0    Dex: 18

rFire   + + .      SeeInvis .   i - +2 quarterstaff (speed)
rCold   x . .      Faith    .   (shield currently unavailable)
rNeg    . . .      Spirit   .   f - +0 leather armour
rPois   ∞          Reflect  .   (no helmet)
rElec   .          Harm     .   q - +0 cloak
rCorr   .          Rampage  .   (no gloves)
Will    +....                   (boots unavailable)
Stlth   ++........              (no amulet)
HPRegen 0.17/turn               h - +6 ring of dexterity
MPRegen 0.00/turn               s - ring of willpower

@: flying, very slightly contaminated
A: sickness immunity, fire resistance 2, cold vulnerability 1, float, innate
caster, HP casting, extra vitality 1
a: no special abilities


You were on level 3 of the Dungeon.
You visited 1 branch of the dungeon, and saw 3 of its levels.
You also visited: Sewer.

You collected 202 gold pieces.

Inventory:

Hand Weapons
 a - a +1 dagger
 i - a +2 quarterstaff of speed (weapon)
Missiles
 c - a datura-tipped dart (quivered)
 e - 4 atropa-tipped darts
 j - 6 boomerangs of dispersal
 u - 6 poisoned darts
Armour
 f - a +0 leather armour (worn)
 q - a +0 cloak (worn)
Jewellery
 h - a +6 ring of dexterity (left hand)
 s - a ring of willpower (right hand)
 t - a ring of see invisible
Wands
 d - a wand of polymorph (3)
Scrolls
 l - a scroll of fear {unknown}
 m - a scroll of magic mapping
 o - a scroll of poison {unknown}
 r - a scroll of noise {unknown}
Potions
 b - 2 potions of berserk rage
 g - a potion of haste {unknown}
 k - a potion of degeneration
 n - 2 potions of curing {unknown}
 p - a potion of flight {unknown}
 v - a potion of invisibility {unknown}


   Skills:
 - Level 4.0 Fighting
 - Level 1.0 Throwing
 - Level 1.1 Dodging
 - Level 1.5 Stealth
 + Level 4.9 Spellcasting
 - Level 2.0 Evocations


You had 9 spell levels left.
You knew the following spells:

 Your Spells              Type           Power      Damage    Failure   Level
a - Sandblast             Erth           32%        2d9       3%          1
b - Passwall              Tmut/Erth      13%        N/A       4%          2
c - Vampiric Draining     Necr           16%        2d7       10%         3
Your spell library was empty.

Dungeon Overview and Level Annotations

Branches:
Dungeon (3/15)              Sewer (visited)

Altars:
Kikubaaqudgha
Makhleb
Okawaru
Ru
Trog
Vehumet
Zin

Shops:
D:2 :


Innate Abilities, Weirdness & Mutations

You are immune to sickness and miasma.
You are immune to poison.
Your flesh is very heat resistant. (rF++)
You are vulnerable to cold. (rC-)
You float through the air rather than walking.
You learn spells naturally, not from books.
Your magical power is your life essence.
You have superior vitality. (+4 MHP)


Message History

Found a book of Displacement.
The ogre shouts!
You hit the ogre but do no damage. The ogre hits you with a +0 giant club!
Casting: Sandblast (safe; 3% risk of failure)
Confirm with . or Enter, or press ? or * to list all spells.
Aiming: Vampiric Draining (dangerous; 10% risk of failure)
Press: ? - help, Shift-Dir - straight line, f - ogre
Aim: an ogre, wielding a +0 giant club You draw life force from the ogre!
You feel life coursing into your body.
The ogre hits you with a +0 giant club!!
Ouch! That really hurt!
You hear an angry hiss.
Casting: Vampiric Draining (dangerous; 10% risk of failure)
Confirm with . or Enter, or press ? or * to list all spells.
Aiming: Vampiric Draining (dangerous; 10% risk of failure)
Press: ? - help, Shift-Dir - straight line, f/p - ogre
Aim: an ogre, wielding a +0 giant club (heavily wounded)
You draw life force from the ogre.
You feel life coursing into your body.
* * * LOW HITPOINT WARNING * * *
Unknown command.
Casting: Vampiric Draining (dangerous; 10% risk of failure)
Confirm with . or Enter, or press ? or * to list all spells.
Aiming: Vampiric Draining (dangerous; 10% risk of failure)
Press: ? - help, Shift-Dir - straight line, f/p - ogre
Aim: an ogre, wielding a +0 giant club (severely wounded)
You miscast Vampiric Draining.
You are very lightly contaminated with residual magic.
Nothing appears to happen.
* * * LOW HITPOINT WARNING * * *
An adder comes into view.
The ogre barely misses you.
Casting: Vampiric Draining (dangerous; 10% risk of failure)
Confirm with . or Enter, or press ? or * to list all spells.
Aiming: Vampiric Draining (dangerous; 10% risk of failure)
Press: ? - help, Shift-Dir - straight line, f/p - ogre
Aim: an ogre, wielding a +0 giant club (severely wounded)
You draw life force from the ogre.
You feel life coursing into your body.
* * * LOW HITPOINT WARNING * * *
The ogre hits you with a +0 giant club!!
You die...

#.#### *###############
#....### *..............#
####.... *..............###
#.... *................##
#†...
*............###..####.##
*............#:#...###.†.
*..:.........##.##..###..
*......O@......#.#...#...
*##............##.##...##
##....S........#.#).†#.
#.....#####....##.###.#
#.....****###...†#...#.
#.....,,*,,,###..#...#.
*******#.....,,*,*,*....#..[#,
*,,,,,,......,,*,*,#.#..#####,
*,******,,,,,,,+,,,#.##..,,,,,


You could see an ogre and an adder.

Vanquished Creatures
  Pargi (Sewer)
  A centaur (D:3)
  A phantom (D:3)
  4 adders (D:3)
  3 dart slugs
  An orc (D:3)
  7 ball pythons
  7 endoplasms
  3 giant cockroaches
  4 goblins
  4 hobgoblins
  6 kobolds
  10 quokkas
  11 bats
  5 frilled lizards
  6 rats
74 creatures vanquished.

Vanquished Creatures (others)
  2 fungi (D:3)
  4 plants (D:3)
6 creatures vanquished.

Grand Total: 80 creatures vanquished

Notes
Turn   | Place    | Note
-------+----------+-------------------------------------------
     0 | D:1      | Vylera the Djinni Wanderer began the quest for the Orb.
     0 | D:1      | Vylera set off with the following items: a +1 dagger, 2
                  | atropa-tipped darts, a datura-tipped dart, a wand of
                  | polymorph (3), a potion of lignification, a +0 leather
                  | armour.
     0 | D:1      | Reached XP level 1. HP: 21/21 MP: 0/0
    63 | D:1      | Reached skill level 1 in Spellcasting
    63 | D:1      | Reached XP level 2. HP: 19/26 MP: 0/0
   743 | D:1      | Reached XP level 3. HP: 24/31 MP: 0/0
   743 | D:1      | Learned a level 1 spell: Sandblast
  1088 | D:2      | Found Nudiunal's Book Shop.
  2118 | D:2      | Found a bloodstained altar of Trog.
  2334 | D:3      | Found a bloodstained altar of Trog.
  2334 | D:3      | Found a burning altar of Makhleb.
  2338 | D:3      | Found a glowing silver altar of Zin.
  2339 | D:3      | Found a sacrificial altar of Ru.
  2340 | D:3      | Found an iron altar of Okawaru.
  2392 | D:3      | Reached XP level 4. HP: 32/37 MP: 0/0
  2425 | D:3      | Found a glowing drain.
  2453 | Sewer    | Entered a sewer
  2567 | Sewer    | Noticed Pargi
  2589 | Sewer    | Killed Pargi
  2590 | Sewer    | Reached XP level 5. HP: 7/41 MP: 0/0
  2590 | Sewer    | Learned a level 2 spell: Passwall
  2960 | D:3      | Noticed a centaur
  2972 | D:3      | Killed a centaur
  2973 | D:3      | Reached XP level 6. HP: 14/47 MP: 0/0
  3418 | D:3      | Reached XP level 7. HP: 37/52 MP: 0/0
  3418 | D:3      | Learned a level 3 spell: Vampiric Draining
  3528 | D:3      | Mangled by an ogre

Illustrated notes

Levels and vault maps discovered:
D:1:      grunt_arrival_lava_bath, layout_rooms
D:2:      layout_basic, serial_shops, nicolae_diamond_shop, basic_altar
D:3:      minmay_chambers_of_twos, layout_basic, minitemple,
          shapermc_ecumenical_altar_mp_urbaneastern, gup_sewer_entry_pipe,
          minmay_vboxes

Skill      XL: |  1  2  3  4  5 |
---------------+----------------+-----
Spellcasting   | 1 2 3 4 |  4.9
Fighting       | |  4.0
Throwing       | |  1.0
Dodging        | |  1.1
Stealth        | |  1.5
Evocations     | |  2.0

Action                   |  1- 3 |  4- 6 |  7- 9 || total
-------------------------+-------+-------+-------++-------
Melee: Dagger            |   122 |     4 |       ||   126
       Punch             |     1 |       |       ||     1
       Quarterstaff      |       |   102 |     1 ||   103
Throw: Dart              |       |     5 |       ||     5
 Cast: Sandblast         |    12 |     1 |       ||    13
       Vampiric Draining |       |       |     3 ||     3
  Use: Scroll            |     4 |       |       ||     4
       Potion            |       |     2 |       ||     2
 Stab: Sleeping          |     5 |     1 |       ||     6
Armor: Leather armour    |    42 |    40 |       ||    82
       Skin              |       |    18 |       ||    18
Dodge: Dodged            |    62 |    75 |     1 ||   138

Table legend: (Time is in decaauts)
 A = Elapsed time spent in this place.
 B = Non-inter-level travel time spent in this place.
 C = Inter-level travel time spent in this place.
 D = Time resting spent in this place.
 E = Time spent auto-exploring this place.
 F = Levels seen in this place.
 G = Mean time per level.
                   A        B        C        D        E       F      G
               +--------+--------+--------+--------+--------+-----+--------+
         Total |   3527 |   3443 |     84 |    277 |   2547 |   4 |  881.8 |
       Dungeon |   3073 |   2989 |     84 |      0 |   2446 |   3 | 1024.3 |
         Sewer |    453 |    453 |      0 |    277 |    101 |   1 |  453.0 |
               +--------+--------+--------+--------+--------+-----+--------+

Top non-repeatable levels by time:
     D:2: 1369 daAuts
     D:1: 974 daAuts
     D:3: 729 daAuts
   Sewer: 453 daAuts
